 Dungeon Crawl Stone Soup version 0.31.0-11-ge490571c62 (webtiles) character file.

Game seed: 15097828366086994822

4967 safid the Grappler (level 10, -2/80 HPs)
             Began as a Purple Draconian Shapeshifter on Feb 7, 2024.
             Was an Initiate of Ru.
             Hit by a javelin thrown by Maurice (7 damage)
             ... on level 9 of the Dungeon.
             The game lasted 00:12:39 (9710 turns).

safid the Grappler (Purple Draconian Shapeshifter)  Turns: 9710, Time: 00:12:39

Health: -2/80      AC:  7    Str: 33    XL:     10   Next: 28%
Magic:  7/10       EV: 12    Int: 11    God:    Ru [......]
Gold:   0          SH:  0    Dex: 10    Spells: 9/9 levels left

rFire   . .          .
                       - Unarmed
rCold   . . .        (no shield)
rNeg    . . .        (body armour unavailable)
rPois   .            (helmet currently unavailable)
rElec   .            (cloak currently unavailable)
rCorr   .            (gloves currently unavailable)
SInv    .            (boots currently unavailable)
Will    +....        (no amulet)
Stlth   +            m - +6 ring of strength
HPRegen 0.33/turn    F - +6 ring of strength
MPRegen 0.12/turn

%: no passive effects
@: about to teleport, beast-form, very slow
A: beast (slay +3), breathe power, AC +7, unfitting armour, cold-blooded
a: Breathe Dispelling Energy, Begin Untransformation, Renounce Religion,
Sacrifice Skill, Sacrifice Courage, Sacrifice Forms, Reject Sacrifices


You were on level 9 of the Dungeon.
You worshipped Ru.
Ru was noncommittal.
You were a hulking beast.
You visited 2 branches of the dungeon, and saw 10 of its levels.

Inventory:

Missiles
 I - 3 javelins (quivered)
Armour
 J - a +0 pair of gloves
 K - a +0 pair of boots
 L - the +0 cloak "Qatt" {rF+ Str+3}
   (You found it on level 7 of the Dungeon)

   Str+3:     It affects your strength (+3).
   rF+:       It protects you from fire.
Jewellery
 m - a +6 ring of strength (left hand)
 F - a +6 ring of strength (right hand)
 H - a ring of see invisible
Talismans
 b - a beast talisman
 c - a flux talisman
Wands
 k - a wand of iceblast (12)
 s - a wand of light (15)
 w - a wand of mindburst (11)
Scrolls
 f - a scroll of fear
 h - a scroll of brand weapon {unknown}
 j - 3 scrolls of revelation
 r - 2 scrolls of noise {unknown}
 v - a scroll of poison {unknown}
 x - 3 scrolls of teleportation
 y - a scroll of enchant armour {unknown}
 A - a scroll of blinking {unknown}
 C - a scroll of enchant weapon {unknown}
 E - 2 scrolls of fog {unknown}
Potions
 a - a potion of lignification
 e - a potion of might {unknown}
 g - a potion of ambrosia
 n - a potion of berserk rage {unknown}
 o - a potion of brilliance {unknown}
 z - a potion of heal wounds {unknown}
 B - a potion of invisibility {unknown}
 D - a potion of enlightenment {unknown}
 G - a potion of mutation {unknown}


   Skills:
 + Level 4.6 Fighting
 - Level 4.0 Dodging
 + Level 12.7 Unarmed Combat
 + Level 6.9 Shapeshifting


You had 9 spell levels left.
You didn't know any spells.
Your spell library contained the following spells:

 Spells                   Type           Power      Damage    Failure   Level
 Sandblast                Erth           0%         2d4       34%         1
 Lesser Beckoning         Tloc           0%         N/A       47%         2
 Gell's Gravitas          Tloc           0%         N/A       71%         3
 Passwall                 Erth           0%         N/A       71%         3
 Stone Arrow              Conj/Erth      0%         3d7       71%         3
 Summon Ice Beast         Ice/Summ       0%         N/A       71%         3
 Teleport Other           Tloc           0%         N/A       71%         3
 Brom's Barrelling Bould  Conj/Erth      0%         2d3       98%         4
 Summon Mana Viper        Hex/Summ       0%         N/A       100%        5
 Monstrous Menagerie      Summ           0%         N/A       100%        7


Dungeon Overview and Level Annotations

Branches:
Dungeon (9/15)             Temple (1/1) D:7
   Lair: D:8-11         Orc: D:9-12

Altars:
Ashenzari
Cheibriados
Dithmenos
Elyvilon
Fedhas
Hepliaklqana
Kikubaaqudgha
Makhleb
Nemelex Xobeh
Okawaru
Qazlal
Ru
Sif Muna
Trog
Uskayaw
Vehumet
Wu Jian
Xom
Yredelemnul
Zin
The Shining One

Shops:
D:4 :   D:7 *

Annotations:
D:6 1 runed translucent door, Crazy Yiuf
D:9 Maurice


Innate Abilities, Weirdness & Mutations

You are a hulking beast.
Your limbs bulge with bestial killing power. (Slay +3)
You can breathe bolts of dispelling energy.
Your rich purple scales are hard. (AC +7)
You cannot fit into any form of body armour.
You are cold-blooded and may be slowed by cold attacks.


Message History

Something tries to affect you, but you resist.
You can move again.
Unknown command.
You miss something. You hit something. You tail-slap something.
You hear a splashing noise.
Something bites you but does no damage.
Your unstable footing causes you to fumble your attack.
Something hits you.
* * * LOW HITPOINT WARNING * * *
Something steals 135 gold pieces!
You now have 0 gold pieces.
You hear a splashing noise.
Your unstable footing causes you to fumble your attack.
Something hits you.
* * * LOW HITPOINT WARNING * * *
Something groans, "What are you, a monk?"
You hear a splashing noise.
Your unstable footing causes you to fumble your attack.
You miss something. Something hits you but does no damage. Something bites you.
* * * LOW HITPOINT WARNING * * *
You feel your power leaking away. Something drains your magic.
Unknown command.
You feel better.
You hear some strange, mumbled words.
Unknown command.
You hear a zap.
Something tries to affect you, but you resist.
A javelin appears from out of thin air!
The javelin pierces through you!
* * * LOW HITPOINT WARNING * * *
Unknown command.
Maurice appears from thin air!
Reactivating autopickup.
Maurice throws a javelin.
The javelin pierces through you.
* * * LOW HITPOINT WARNING * * *
As you read the scroll of teleportation, it crumbles to dust.
You feel strangely unstable.
Maurice zaps a wand.
You resist with almost no effort.
Maurice throws a javelin.
The javelin pierces through you!
You die...

.................~~~##
~~~~~~~~≈~~~~÷~.~~~~~#
~PPP~~~~P≈~~P~~.~~~P~♣##
P~~~P♣PP~P~P~~~.~~~~P~~##
~♣♣~ ###♣♣♣♣~~~.~~≈≈~~~P#
.... ♣♣~~.~≈~~~P~~♣ #.#
♣~~.~≈≈≈≈~~♣♣ #
♣♣~~.~≈P≈~~P♣ #
♣~P~.h≈≈≈P♣♣♣ #
♣♣♣♣~~~.~~~~P♣
~P~~≈≈~.~~~~♣♣
♣P~≈~≈~.P~P~♣♣
♣PP~~≈~.~~~♣~# #
~~~P~≈f.~~~~## .#
~PP~~~~.$~♣## .#
♣~~~P~~.♣~# ...
.~~~~~..)##


You could see Maurice.

Vanquished Creatures
  A two-headed ogre (D:8)
  A hornet (D:8)
  3 wyverns (D:9)
  Duvessa (D:4)
  2 water moccasins
  4 black bears
  2 ice beasts (D:6)
  An orc warrior (D:8)
  4 ogres
  A centaur (D:9)
  2 kobold brigands
  2 phantoms (D:6)
  4 bullfrogs
  3 scorpions
  A gnoll sergeant (D:9)
  4 wights (D:8)
  Dowan (D:4)
  4 killer bees (D:9)
  3 electric eels (D:9)
  A bombardier beetle (D:5)
  4 hounds
  4 orc priests
  2 sleepcaps (D:6)
  A gnoll bouda (D:8)
  3 jellies
  Ijyb (D:3)
  8 iguanas
  3 orc wizards
  8 adders
  10 gnolls
  A white imp (D:6)
  2 ufetubi (D:6)
  3 ribbon worms
  5 dart slugs
  22 orcs
  4 endoplasms
  3 giant cockroaches
  5 goblins
  8 hobgoblins
  4 jackals (D:1)
  21 kobolds
  6 quokkas
  4 ball pythons
  6 bats
  5 frilled lizards
  6 rats
194 creatures vanquished.

Notes
Turn   | Place    | Note
-------+----------+-------------------------------------------
     0 | D:1      | safid the Draconian Shapeshifter began the quest for the
                  | Orb.
     0 | D:1      | Reached XP level 1. HP: 16/16 MP: 1/1
   265 | D:1      | Reached XP level 2. HP: 23/23 MP: 2/2
   517 | D:1      | Reached XP level 3. HP: 27/28 MP: 3/3
  1186 | D:2      | Reached skill level 4 in Unarmed Combat
  1279 | D:2      | Found a broken altar of Ashenzari.
  1416 | D:2      | Reached XP level 4. HP: 35/35 MP: 4/4
  2125 | D:3      | Reached XP level 5. HP: 31/40 MP: 5/5
  2316 | D:3      | Noticed Ijyb
  2326 | D:3      | Killed Ijyb
  2327 | D:3      | Reached skill level 5 in Unarmed Combat
  2917 | D:4      | Reached XP level 6. HP: 43/48 MP: 6/6
  3087 | D:4      | Reached skill level 6 in Unarmed Combat
  3132 | D:4      | Noticed Duvessa
  3132 | D:4      | Noticed Dowan
  3143 | D:4      | Killed Duvessa
  3144 | D:4      | Your scales start taking on a rich purple colour.
  3144 | D:4      | Reached XP level 7. HP: 55/55 MP: 7/7
  3160 | D:4      | Killed Dowan
  3420 | D:4      | Reached skill level 7 in Unarmed Combat
  3571 | D:4      | Found Xaelupha's Self-Published Books.
  4056 | D:5      | Entered Level 5 of the Dungeon
  4158 | D:5      | Reached XP level 8. HP: 48/62 MP: 8/8
  4215 | D:5      | Found a hide-covered altar of Uskayaw.
  4223 | D:5      | Found an iron altar of Okawaru.
  4372 | D:5      | Reached skill level 8 in Unarmed Combat
  4596 | D:5      | Found a shadowy altar of Dithmenos.
  4917 | D:5      | Reached skill level 5 in Shapeshifting
  5262 | D:6      | Reached skill level 9 in Unarmed Combat
  5872 | D:6      | Reached XP level 9. HP: 60/70 MP: 9/9
  6064 | D:6      | Found a radiant altar of Vehumet.
  6110 | D:6      | Reached skill level 10 in Unarmed Combat
  6618 | D:6      | Found a runed translucent door.
  6619 | D:6      | Noticed Crazy Yiuf
  7001 | D:7      | Found a basalt altar of Yredelemnul.
  7183 | D:7      | Found a staircase to the Ecumenical Temple.
  7194 | Temple   | Entered the Ecumenical Temple
  7203 | Temple   | Became a worshipper of Ru the Awakened
  7247 | D:7      | Found Lefidigocur's Luxury Loot.
  7273 | D:7      | Identified the +0 cloak "Qatt" {rF+ Str+3}
  7788 | D:8      | Noticed a two-headed ogre
  7794 | D:8      | Killed a two-headed ogre
  7795 | D:8      | Reached skill level 11 in Unarmed Combat
  8363 | D:8      | Found a burning altar of Makhleb.
  8363 | D:8      | Found an ancient bone altar of Kikubaaqudgha.
  8363 | D:8      | Found a snail-covered altar of Cheibriados.
  8622 | D:8      | Found an ornate altar of the Wu Jian Council.
  8630 | D:8      | Reached skill level 12 in Unarmed Combat
  8630 | D:8      | Reached XP level 10. HP: 76/80 MP: 10/10
  9631 | D:9      | Noticed Maurice
  9682 | D:9      | Something stole a blade talisman
  9689 | D:9      | Something stole 4 javelins
  9691 | D:9      | Something stole a ring of ice
  9692 | D:9      | Paralysed by something for 4 turns
  9694 | D:9      | Something stole 352 gold
  9698 | D:9      | Something stole 135 gold
  9703 | D:9      | HP: 4/80 [something (11)]
  9708 | D:9      | HP: 4/80 [Maurice/javelin (3)]
  9710 | D:9      | Hit by a javelin thrown by Maurice

Illustrated notes

Levels and vault maps discovered:
D:1:      matt_arrival_los_fun, layout_loops_corners
D:2:      layout_loops_ring, basic_altar
D:3:      minmay_door_path, layout_loops_ring, kennysheep_generic_room_7,
          uniq_ijyb
D:4:      layout_basic, corexii_hall_statues_l, minmay_misc_feat_cross,
          kennysheep_crisscross, nicolae_custom_books, uniq_duvessa
D:5:      layout_basic, okawaru_metal_pillars_1_2, grunt_dithmenos_smoke,
          mainiacjoe_overflow_small_starburst
D:6:      layout_layer_cave, mainiacjoe_overflow_cross_hatched,
          serial_co_window_serial, co_window_paths_a, co_window_paths_b,
          co_window_corner_a, co_window_paths_a, co_window_paths_b,
          co_window_corner_a, co_window_paths_b, co_window_cross_1,
          co_window_of_opportunity_a, co_window_of_opportunity_b,
          co_window_unsneaky_path_b, co_window_cross_3, co_window_4corner_b,
          co_window_paths_d, glass_columns_b, glass_columns_b, glass_columns_c,
          glass_columns_c, solitary_fountain, uniq_crazy_yiuf_cottage
D:7:      layout_loops_ring, marbit_many_paths,
          minmay_temple_entry_glassed_door, nicolae_alphabet_shops
D:8:      layout_basic, chequers_temple_overflow_statue_of_worship,
          overflow_temple_1_default
D:9:      layout_cross, serial_bayou_lagoon_b, uniq_maurice
Temple:   nicolae_temple_ecumenical_triangle

Skill      XL: |  1  2  3  4  5  6  7  8  9 |
---------------+----------------------------+-----
Dodging        | 2 3 4 |  4.0
Unarmed Combat | 4 5 6 7 9 12 | 12.7
Fighting       | 2 3 4 |  4.6
Shapeshifting  | 4 5 6 |  6.9

Action                     |  1- 3 |  4- 6 |  7- 9 | 10-12 || total
---------------------------+-------+-------+-------+-------++-------
  Melee: Unarmed           |   105 |   139 |   260 |   100 ||   604
         Tailslap          |    14 |    17 |    22 |     9 ||    62
         Punch             |     2 |     3 |    16 |     4 ||    25
    Use: Potion            |       |     1 |       |     7 ||     8
         Scroll            |       |       |     9 |     1 ||    10
   Stab: Sleeping          |     1 |     1 |     1 |       ||     3
 Armour: Skin              |    52 |    68 |   148 |   143 ||   411
  Dodge: Dodged            |    72 |    84 |   134 |    59 ||   349
